 Dungeon Crawl Stone Soup version 0.22-a0-412-g2b68d14 (webtiles) character file.

8420 dstrtnsr the Grappler (level 11, -3/99 HPs)
             Began as a Minotaur Skald on May 11, 2018.
             Was an Elder of Cheibriados.
             Slain by a two-headed ogre
             ... wielding a +0 giant spiked club
              (10 damage)
             ... on level 9 of the Dungeon on May 12, 2018.
             The game lasted 00:39:20 (4705 turns).

dstrtnsr the Grappler (Minotaur Skald)              Turns: 4705, Time: 00:39:21

Health: -3/99      AC: 10    Str: 28    XL:     11   Next: 9%
Magic:  8/13       EV: 12    Int: 22    God:    Cheibriados [****..]
Gold:   462        SH:  0    Dex: 21    Spells: 10/14 levels left

rFire    . . .     SeeInvis .     - Unarmed
rCold    . . .     Gourm    +   (no shield)
rNeg     . . .     Faith    .   l - +2 ring mail {MR+}
rPois    .         Spirit   .   (helmet restricted)
rElec    .         Reflect  .   m - +2 cloak of Wu Jian's Benevolence {Dex+2}
rCorr    .         Harm     .   (no gloves)
MR       +....                  (no boots)
Stlth    +.........             a - amulet of the gourmand
HPRegen  0.26/turn              (no ring)
MPRegen  0.13/turn              (no ring)

@: very slow
A: retaliatory headbutt, horns 2
a: Bend Time, Temporal Distortion, Slouch, Renounce Religion


You were on level 9 of the Dungeon.
You worshipped Cheibriados.
Cheibriados was greatly pleased with you.
You were full.

You visited 2 branches of the dungeon, and saw 12 of its levels.
You also visited: Ossuary.

You collected 462 gold pieces.

Inventory:

Armour
 l - a +2 ring mail of magic resistance (worn)
 m - the +2 cloak of Wu Jian's Benevolence (worn) {Dex+2}
   (You found it on level 4 of the Dungeon)

   It affects your dexterity (+2).
 s - the +1 scale mail of the Thinker (quivered) {rElec Str+2}
   (You found it on level 8 of the Dungeon)

   It affects your strength (+2).
   It insulates you from electricity.
Jewellery
 a - an amulet of the gourmand (around neck)
Wands
 z - a wand of scattershot (4)
 C - a wand of acid (6)
 E - a wand of enslavement (12)
 P - a wand of paralysis (5)
 V - a wand of digging (5)
Scrolls
 e - 6 scrolls of amnesia
 f - a scroll of remove curse {@r2!d}
 i - 2 scrolls of immolation {!r}
 j - 3 scrolls of blinking {unknown}
 n - a scroll of fear {unknown}
 q - a scroll of vulnerability {unknown}
 t - 2 scrolls of enchant armour
 u - a scroll of enchant weapon
 v - 2 scrolls of teleportation {unknown}
 y - a scroll of fog {unknown}
 A - a scroll of holy word
Potions
 b - 3 potions of heal wounds
 c - 5 potions of curing {@q1}
 d - a potion of agility
 g - a potion of degeneration {unknown}
 h - a potion of mutation {!q}
 k - 2 potions of lignification {!q}
 o - 2 potions of brilliance
 p - a potion of flight
 x - 3 potions of magic {!q}
Comestibles
 w - 12 rations {!d}


   Skills:
 + Level 9.9 Fighting
 - Level 1.2 Armour
 - Level 2.1 Dodging
 + Level 12.2 Unarmed Combat
 - Level 2.0 Spellcasting
 - Level 3.0 Charms
 + Level 5.6 Necromancy
 * Level 3.5 Invocations
 - Level 4.0 Evocations


You had 10 spell levels left.
You knew the following spells:

 Your Spells              Type           Power        Failure   Level  Hunger
a - Infusion              Chrm           ###.         6%          1    #......
r - Regeneration          Chrm/Necr      ###.......   11%         3    ###....

Your spell library contained the following spells:

 Spells                   Type           Power        Failure   Level  Hunger
 Fireball                 Conj/Fire      #.........   99%         5    ######.
 Bolt of Fire             Conj/Fire      #.........   100%        6    #######
 Ring of Flames           Chrm/Fire      #.........   100%        7    #######
 Ignite Poison            Fire/Tmut/Pois #.......     52%         3    ###....
 Shroud of Golubria       Chrm/Tloc      #.........   16%         2    ##.....
 Song of Slaying          Chrm           ###.....     9%          2    ##.....
 Spectral Weapon          Hex/Chrm       #.......     32%         3    ###....
 Ignition                 Fire           #.........   100%        8    #######


Dungeon Overview and Level Annotations

Branches:
Dungeon (11/15)            Temple (1/1) D:5             Orc (0/2) D:9
   Lair: D:8-11

Altars:
Ashenzari
Cheibriados
Dithmenos
Elyvilon
Fedhas
Gozag
Hepliaklqana
Makhleb
Nemelex Xobeh
Qazlal
Ru
Sif Muna
Trog
Uskayaw
Vehumet
Wu Jian
Xom
Yredelemnul

Annotations:
D:3 Steelmeadow's ghost, amateur OgCK
D:4 Sigmund
D:10 lindwurms and a book


Innate Abilities, Weirdness & Mutations

You reflexively headbutt those who attack you in melee.
You have a pair of horns on your head.


Message History

You hit the two-headed ogre. You headbutt the two-headed ogre!
The two-headed ogre is moderately wounded.
The two-headed ogre hits you with a giant club!
The two-headed ogre barely misses you.
Damage: -8%(-8hp) hp: 91%(90hp)
You punch the two-headed ogre!
Your headbutt misses the two-headed ogre.
The two-headed ogre is heavily wounded.
You barely miss the two-headed ogre. You headbutt the two-headed ogre!
The two-headed ogre is severely wounded.
Your skin is crawling a little less now.
The two-headed ogre barely misses you. You furiously retaliate!
You headbutt the two-headed ogre, but do no damage.
The two-headed ogre hits you with a giant spiked club.
Damage: -2%(-2hp) hp: 90%(89hp)
You barely miss the two-headed ogre. You headbutt the two-headed ogre.
The two-headed ogre is severely wounded.
You punch the two-headed ogre!
You kill the two-headed ogre!
Cheibriados appreciates the change of pace.
Things that are here:
a giant club; a giant spiked club; a two-headed ogre corpse You butcher the two-headed ogre corpse.
Things that are here:
a giant club; a giant spiked club; a chunk of flesh Eat a chunk of flesh? (ye/n/q)
You eat the chunk of flesh.
This raw flesh tastes great.
Your skin stops crawling.
Your magical infusion is running out.
Found 5 tomahawks.
A leopard gecko comes into view.
The leopard gecko hisses angrily.
You see here the +1 scale mail of the Thinker {rElec Str+2}.
s - the +1 scale mail of the Thinker {rElec Str+2} You are no longer magically infusing your attacks.
You miss the leopard gecko. Your headbutt misses the leopard gecko.
You closely miss the leopard gecko. You headbutt the leopard gecko.
The leopard gecko is severely wounded.
The leopard gecko barely misses you. You furiously retaliate!
You headbutt the leopard gecko, but do no damage.
You punch the leopard gecko!
You kill the leopard gecko!
Cheibriados appreciates the change of pace.
You see here a leopard gecko corpse.
Found a ration.
You see here a ration {!d}.
w - 12 rations {!d} (gained 1)
You open the door.
There is an open door here.
(D) Dungeon (T) Temple (O) Orcish Mines
Where to? (? - help)
Okay, then.
Unknown command.
As you open the door, it creaks loudly!
There is an open door here.
Found a scroll of remove curse.
A two-headed ogre comes into view.
It is wielding a giant spiked club and a giant club.
The two-headed ogre shouts in stereo!
Unknown command.
You hit the two-headed ogre but do no damage.
Your headbutt misses the two-headed ogre.
The two-headed ogre closely misses you. x2
You punch the two-headed ogre!
The two-headed ogre is lightly wounded.
You punch the two-headed ogre!
The two-headed ogre is moderately wounded.
The two-headed ogre barely misses you. x2
You hit the two-headed ogre.
The two-headed ogre is moderately wounded.
The two-headed ogre hits you with a giant spiked club!
The two-headed ogre hits you with a giant club!!
Huge Dmg: -39%(-39hp) hp: 61%(60hp)
You barely miss the two-headed ogre.
Your headbutt misses the two-headed ogre.
The two-headed ogre is moderately wounded.
You hit the two-headed ogre. You headbutt the two-headed ogre.
The two-headed ogre is moderately wounded.
The two-headed ogre hits you with a giant spiked club!
* * * LOW HITPOINT WARNING * * *
The two-headed ogre hits you with a giant club!
* * * LOW HITPOINT WARNING * * *
Huge Dmg: -29%(-29hp) hp: 33%(32hp)
You punch the two-headed ogre!
Your headbutt misses the two-headed ogre.
The two-headed ogre is heavily wounded.
Unknown command.
You completely miss the two-headed ogre.
You headbutt the two-headed ogre, but do no damage.
The two-headed ogre is heavily wounded.
The two-headed ogre hits you with a giant spiked club!!
* * * LOW HITPOINT WARNING * * *
The two-headed ogre barely misses you.
Huge Dmg: -25%(-25hp) hp: 8%(7hp)
Okay, then.
Unknown command.
You can feel time thicken for a moment.
You feel somewhat less full.
You can no longer step out of the time flow.
Cheibriados lowers the support of your attributes as your movement quickens.
The two-headed ogre hits you with a giant spiked club!
You die...

########################
......... ..............
......... ..........?..
....#### #...........
....#########...........
........................
................@O......
........................
.......................#
.......................#
...##'########.........+
...#.........#.........#
†..#.........#......##.#
...#.........#....... .#
## .....
...#.........#######
..#.....


You could see a two-headed ogre.

Vanquished Creatures
  4 two-headed ogres
  Pikel (D:5)
  A gargoyle (D:10)
  A komodo dragon (D:10)
  A troll (D:9)
  A hornet (D:10)
  A hippogriff (D:10)
  A wyvern (D:8)
  A warg (D:9)
  A hungry ghost (D:7)
  4 sky beasts
  6 orc warriors
  2 slaves
  3 ice beasts
  A phantom (D:9)
  4 ogres
  A centaur (D:8)
  Blork the orc (D:4)
  3 bullfrogs
  A gnoll sergeant (D:6)
  4 scorpions
  5 killer bees
  5 wights
  A howler monkey (D:2)
  3 crimson imps
  A centaur zombie (D:7)
  2 quasits
  3 hounds
  6 orc priests
  A human zombie (Ossuary)
  A bullfrog skeleton (D:6)
  2 iguanas
  9 orc wizards
  2 worker ants
  A hound zombie (Ossuary)
  4 mummies (Ossuary)
  3 worker ant zombies
  Robin (D:4)
  6 gnolls
  7 adders
  3 shadow imps
  An ooze (D:1)
  An adder skeleton (D:9)
  2 adder zombies (Ossuary)
  5 worms
  A dart slug (D:2)
  6 leopard geckos
  33 orcs
  2 bats
  5 giant cockroaches
  11 goblins
  10 hobgoblins
  8 jackals
  5 kobolds
  4 quokkas
  8 frilled lizards
  A giant cockroach zombie (D:5)
  A goblin zombie (Ossuary)
  2 hobgoblin zombies (Ossuary)
  A jackal skeleton (D:6)
  3 jackal zombies
  A kobold zombie (Ossuary)
  2 orc zombies (Ossuary)
  8 rats
230 creatures vanquished.

Vanquished Creatures (others)
  An orc warrior (D:9)
1 creature vanquished.

Grand Total: 231 creatures vanquished

Notes
Turn   | Place    | Note
-------+----------+-------------------------------------------
     0 | D:1      | dstrtnsr the Minotaur Skald began the quest for the Orb.
     0 | D:1      | Reached XP level 1. HP: 18/18 MP: 1/1
    78 | D:1      | Reached skill level 3 in Unarmed Combat
    78 | D:1      | Reached XP level 2. HP: 25/25 MP: 3/3
   207 | D:2      | Noticed a howler monkey
   212 | D:2      | HP: 7/25 [howler monkey (5)]
   214 | D:2      | Killed a howler monkey
   214 | D:2      | Reached skill level 4 in Unarmed Combat
   214 | D:2      | Reached XP level 3. HP: 9/30 MP: 4/4
   219 | D:2      | HP: 7/30 [hobgoblin/club (2)]
   237 | D:1      | HP: 5/30 [jackal (1)]
   249 | D:1      | Learned a level 3 spell: Regeneration
   259 | D:1      | Reached XP level 4. HP: 6/37 MP: 5/5
   292 | D:1      | HP: 9/37 [frilled lizard (1)]
   356 | D:2      | Reached skill level 5 in Unarmed Combat
   392 | D:2      | HP: 12/37 [worm (4)]
   426 | D:2      | HP: 14/37 [hound (1)]
   471 | D:2      | HP: 12/37 [dart slug/slug dart (8)]
   518 | D:2      | HP: 10/37 [dart slug/slug dart (7)]
   544 | D:2      | Reached XP level 5. HP: 15/42 MP: 2/6
   547 | D:2      | Found a burning altar of Makhleb.
   563 | D:2      | HP: 13/42 [kobold/trident (5)]
   668 | D:3      | Found a shattered altar of Ashenzari.
   715 | D:3      | Found an opulent altar of Gozag.
   752 | D:3      | Noticed Steelmeadow's ghost (amateur OgCK)
   824 | D:3      | Reached skill level 6 in Unarmed Combat
   962 | D:4      | Noticed Sigmund
  1112 | D:4      | Noticed Blork the orc
  1115 | D:5      | Entered Level 5 of the Dungeon
  1131 | D:4      | Killed Blork the orc
  1147 | D:4      | Noticed a slave
  1175 | D:3      | HP: 17/45 [slave[Pikel] (8)]
  1182 | D:3      | Killed a slave
  1330 | D:4      | Noticed an ogre
  1378 | D:4      | Noticed Robin
  1408 | D:4      | Killed Robin
  1408 | D:4      | Reached XP level 6. HP: 33/51 MP: 7/7
  1428 | D:4      | HP: 20/51 [worker ant zombie (3)]
  1462 | D:4      | HP: 20/51 [leopard gecko (2)]
  1494 | D:4      | HP: 20/51 [iguana (6)]
  1499 | D:4      | Reached skill level 7 in Unarmed Combat
  1533 | D:4      | Got a polished cloak
  1540 | D:4      | Identified the +2 cloak of Wu Jian's Benevolence {Dex+2} (You found it on level 4 of the Dungeon)
  1560 | D:4      | Noticed a slave
  1583 | D:4      | Killed a slave
  1594 | D:4      | Noticed Pikel
  1624 | D:4      | Noticed a slave
  1633 | D:5      | HP: 20/52 [Pikel/whip of freezing (5)]
  1636 | D:5      | Killed Pikel
  1636 | D:5      | Reached skill level 5 in Fighting
  1636 | D:5      | Reached skill level 8 in Unarmed Combat
  1636 | D:5      | Reached XP level 7. HP: 22/61 MP: 8/8
  1806 | D:5      | HP: 20/61 [orc wizard/magic dart (7)]
  1807 | D:5      | Reached skill level 9 in Unarmed Combat
  1924 | D:5      | Found a staircase to the Ecumenical Temple.
  1931 | Temple   | Entered the Ecumenical Temple
  1942 | Temple   | Became a worshipper of Cheibriados the Contemplative
  1979 | D:5      | Reached XP level 8. HP: 70/70 MP: 9/9
  2259 | D:6      | Reached * piety under Cheibriados
  2347 | D:6      | Found a deep blue altar of Sif Muna.
  2479 | D:7      | Reached skill level 10 in Unarmed Combat
  2776 | D:8      | Found a sand-covered staircase.
  2781 | Ossuary  | Entered an ossuary
  2795 | Ossuary  | Reached ** piety under Cheibriados
  2963 | D:8      | HP: 27/73 [something (4)]
  2971 | D:8      | HP: 26/73 [orc/hand axe (2)]
  2997 | D:8      | Reached XP level 9. HP: 32/79 MP: 8/10
  3095 | D:8      | Reached skill level 11 in Unarmed Combat
  3095 | D:8      | Reached skill level 1 in Evocations
  3106 | D:8      | HP: 32/80 [poisoned by a scorpion]
  3139 | D:8      | Reached skill level 1 in Necromancy
  3180 | D:8      | Reached *** piety under Cheibriados
  3204 | D:8      | Got a spiked scale mail
  3230 | D:8      | Identified the +1 scale mail of the Thinker {rElec Str+2} (You found it on level 8 of the Dungeon)
  3274 | D:8      | Upgraded the game from 0.22-a0-410-g97be04f to 0.22-a0-412-g2b68d14
  3344 | D:8      | Found a blossoming altar of Fedhas.
  3492 | D:10     | Entered Level 10 of the Dungeon
  3583 | D:9      | Found a bloodstained altar of Trog.
  3584 | D:9      | Noticed a wizard
  3620 | D:9      | Noticed a troll
  3627 | D:9      | Killed a troll
  3675 | D:9      | Found a hazy altar of Hepliaklqana.
  3699 | D:9      | Noticed a two-headed ogre
  3708 | D:9      | Killed a two-headed ogre
  3708 | D:9      | Reached XP level 10. HP: 62/90 MP: 12/12
  3764 | D:9      | Found an ornate altar of the Wu Jian Council.
  3862 | D:10     | Reached **** piety under Cheibriados
  4021 | D:10     | Noticed a two-headed ogre
  4029 | D:10     | Killed a two-headed ogre
  4124 | D:11     | Noticed a two-headed ogre
  4136 | D:10     | HP: 34/91 [hippogriff (6)]
  4197 | D:10     | Noticed a gargoyle
  4216 | D:10     | Noticed a two-headed ogre
  4220 | D:10     | HP: 31/91 [two-headed ogre/giant club (19)]
  4222 | D:10     | Killed a two-headed ogre
  4222 | D:10     | Reached skill level 12 in Unarmed Combat
  4222 | D:10     | Reached skill level 5 in Necromancy
  4222 | D:10     | Reached skill level 1 in Invocations
  4292 | D:10     | Noticed a lindwurm
  4294 | D:10     | Noticed a lindwurm
  4294 | D:10     | Noticed a lindwurm
  4339 | D:11     | Noticed a cyclops
  4339 | D:11     | HP: 35/91 [cyclops/large rock (36)]
  4402 | D:10     | Killed a gargoyle
  4472 | D:9      | Found a staircase to the Orcish Mines.
  4495 | D:9      | HP: 53/138 [warg (6)]
  4568 | D:9      | Reached XP level 11. HP: 59/99 MP: 8/13
  4570 | D:9      | Reached ***** piety under Cheibriados
  4592 | D:9      | Noticed a two-headed ogre
  4620 | D:9      | Killed a two-headed ogre
  4693 | D:9      | Noticed a two-headed ogre
  4702 | D:9      | HP: 32/99 [two-headed ogre/giant spiked club (17)]
  4704 | D:9      | HP: 7/99 [two-headed ogre/giant spiked club (25)]
  4705 | D:9      | Slain by a two-headed ogre

Vault maps used:
D:1:      lightli_molten_gateway, minmay_pentomino_v2
D:2:      overflow_temple_1_default
D:3:      overflow_temple_1_default, lemuel_coloured_pillars_altar, first_ration
D:4:      uniq_robin, uniq_pikel, uniq_sigmund, uniq_blork_the_orc
D:5:      minmay_temple_entry_junction_2
D:6:      nicolae_overflow_hidden_temple, kennysheep_mini
D:7:      kennysheep_big_flooded_room, tso_altar
D:8:      fedhas_altar_2, enter_ossuary_5
D:9:      lemuel_crystal_altar, lemuel_doored_altar, david_orc_1_choice,
          hangedman_pestilent_swarm, trog_wizard
D:10:     minmay_statues_item, minmay_lindwurm_lava
D:11:     lair_entry_dummy, hangedman_decor_points
Temple:   cyrus_circular_temple
Ossuary:  ossuary_minmay_tomb_2a

Skill      XL: |  1  2  3  4  5  6  7  8  9 10 |
---------------+-------------------------------+-----
Unarmed Combat | 3 4 5 6 8 9 10 11 12 | 12.2
Fighting       | 3 5 7 8 9 |  9.9
Evocations     | 3 4 |  4.0
Necromancy     | 3 5 |  5.6
Spellcasting   | 2 |  2.0
Charms         | 3 |  3.0
Invocations    | 3 |  3.5
Armour         | |  1.2
Dodging        | |  2.1

Action                   |  1- 3 |  4- 6 |  7- 9 | 10-12 || total
-------------------------+-------+-------+-------+-------++-------
Melee: Unarmed           |    47 |   169 |   214 |   150 ||   580
       Headbutt          |     4 |    25 |    37 |    49 ||   115
       Punch             |       |     3 |     8 |    10 ||    21
 Cast: Infusion          |       |    12 |    20 |     2 ||    34
       Regeneration      |       |       |     2 |    21 ||    23
Invok: Temporal Distorti |       |       |       |     1 ||     1
       Slouch            |       |       |       |     1 ||     1
Evoke: Wand              |       |     9 |     3 |     2 ||    14
  Use: Scroll            |     3 |     3 |     5 |     7 ||    18
       Potion            |       |       |     2 |     2 ||     4
  Eat: Chunk             |       |     9 |    12 |     6 ||    27
Armor: Leather armour    |     6 |    10 |       |       ||    16
       Ring mail         |       |    23 |    52 |    45 ||   120
       Skin              |       |       |     8 |     4 ||    12
Dodge: Dodged            |    27 |    80 |   100 |    78 ||   285

Table legend:
 A = Spawn XP
 B = Non-spawn XP
 C = Spawn XP percentage of total XP
 D = Spawn monster count
 E = Non-spawn monster count
 F = Spawn count percentage of total count
 G = Total turns spent on level
                    A         B        C        D         E        F      G
               +---------+---------+-------+---------+---------+-------+---------
         Total |       0 |   12029 |   0.0 |       0 |     228 |   0.0 |  4705
               +---------+---------+-------+---------+---------+-------+---------
           D:1 |       0 |      47 |   0.0 |       0 |      25 |   0.0 |   321
           D:2 |       0 |     157 |   0.0 |       0 |      20 |   0.0 |   362
           D:3 |       0 |      46 |   0.0 |       0 |      14 |   0.0 |   528
           D:4 |       0 |     246 |   0.0 |       0 |      22 |   0.0 |   412
           D:5 |       0 |     934 |   0.0 |       0 |      12 |   0.0 |   402
           D:6 |       0 |     429 |   0.0 |       0 |      18 |   0.0 |   413
           D:7 |       0 |     506 |   0.0 |       0 |       9 |   0.0 |   306
           D:8 |       0 |    1275 |   0.0 |       0 |      24 |   0.0 |   565
           D:9 |       0 |    4014 |   0.0 |       0 |      36 |   0.0 |   647
          D:10 |       0 |    4221 |   0.0 |       0 |      32 |   0.0 |   565
       Ossuary |       0 |     154 |   0.0 |       0 |      16 |   0.0 |   155
               +---------+---------+-------+---------+---------+-------+---------
